 Dungeon Crawl Stone Soup version 0.29.0-11-gd7f09526c8 (webtiles) character file.

Game seed: 18333932962368477002

82 LustLizard the Firebug (level 4, -5/35 HPs)
             Began as a Hill Orc Fire Elementalist on Sept 3, 2022.
             Slain by Sigmund
             ... wielding a +2 vampiric scythe
              (8 damage)
             ... on level 3 of the Dungeon.
             The game lasted 00:05:13 (3245 turns).

LustLizard the Firebug (Hill Orc Fire Elementalist) Turns: 3245, Time: 00:05:14

Health: -5/35      AC:  6    Str: 10    XL:     4   Next: 43%
Magic:  1/2        EV: 10    Int: 17    God:
Gold:   186        SH:  0    Dex: 11    Spells: 5/6 levels left

rFire   . . .      SeeInvis .   f - +1 hand axe (antimagic)
rCold   + . .      Faith    .   (no shield)
rNeg    . . .      Spirit   .   v - +0 ring mail
rPois   .          Reflect  .   (no helmet)
rElec   .          Harm     .   (no cloak)
rCorr   .          Rampage  .   l - +0 pair of gloves
Will    .....                   (no boots)
Stlth   +.........              (no amulet)
HPRegen 0.11/turn               n - ring of protection from cold
MPRegen 0.08/turn               (no ring)

@: very slightly contaminated
A: no striking features
a: no special abilities


You were on level 3 of the Dungeon.
You visited 1 branch of the dungeon, and saw 3 of its levels.

You collected 186 gold pieces.

Inventory:

Hand Weapons
 e - a +0 dagger
 f - a +1 antimagic hand axe (weapon)
Missiles
 c - 3 curare-tipped darts
 g - 17 stones
 p - 5 poisoned darts
 q - a throwing net
Armour
 a - a +0 robe
 l - a +0 pair of gloves (worn)
 v - a +0 ring mail (worn)
Jewellery
 n - a ring of protection from cold (left hand)
Scrolls
 d - a scroll of fog {unknown}
 i - 2 scrolls of identify {unknown}
 k - a scroll of poison {unknown}
 o - 3 scrolls of teleportation {unknown}
 r - a scroll of vulnerability {unknown}
 s - a scroll of enchant armour {unknown}
 t - a scroll of blinking {unknown}
 w - a scroll of silence {unknown}
 x - a scroll of torment {unknown}
Potions
 b - 2 potions of magic
 h - a potion of resistance {unknown}
 j - a potion of experience {unknown}
 m - a potion of haste {unknown}
 u - a potion of curing {unknown}


   Skills:
 + Level 1.2 Fighting
 * Level 1.5 Axes
 * Level 1.2 Throwing
 - Level 1.5 Dodging
 * Level 2.1 Stealth
 + Level 1.7 Spellcasting
 * Level 1.9 Conjurations
 * Level 3.7 Fire Magic


You had 5 spell levels left.
You knew the following spells:

 Your Spells              Type           Power      Damage    Failure   Level
a - Foxfire               Conj/Fire      44%        2x1d6     16%         1

Your spell library contained the following spells:

 Spells                   Type           Power      Damage    Failure   Level
 Scorch                   Fire           28%        2d6       17%         2
 Conjure Flame            Conj/Fire      11%        6-21      43%         3
 Inner Flame              Hex/Fire       7%         N/A       58%         3
 Ignite Poison            Fire/Tmut/Pois 5%         N/A       67%         3
 Mephitic Cloud           Conj/Pois/Air  3%         N/A       75%         3
 Flame Wave               Conj/Fire      11%        2d6       85%         4
 Freezing Cloud           Conj/Ice/Air   1%         6-21      100%        5


Dungeon Overview and Level Annotations

Branches:
Dungeon (3/15)

Altars:
Cheibriados

Annotations:
D:3 Sigmund


Message History

Casting: Foxfire (safe; 16% risk of failure)
Confirm with . or Enter, or press ? or * to list all spells.
You conjure some foxfire!
Something hits you.
Casting: Foxfire (safe; 16% risk of failure)
Confirm with . or Enter, or press ? or * to list all spells.
You conjure some foxfire!
The foxfire hits something but does no damage.
The foxfire hits something.
Something hits you but does no damage.
Your foxfire dissipates!
Casting: Foxfire (safe; 16% risk of failure)
Confirm with . or Enter, or press ? or * to list all spells.
You conjure some foxfire!
The foxfire hits something.
A magic dart appears from out of thin air!
The magic dart hits you.
Casting: Foxfire (safe; 16% risk of failure)
Confirm with . or Enter, or press ? or * to list all spells.
You conjure some foxfire!
Something hits you!
Casting: Foxfire (safe; 16% risk of failure)
Confirm with . or Enter, or press ? or * to list all spells.
You miscast Foxfire.
You are very lightly contaminated with residual magic.
Nothing appears to happen.
The foxfire hits something but does no damage.
The foxfire hits something. x2
Your foxfire dissipates!
Casting: Foxfire (safe; 16% risk of failure)
Confirm with . or Enter, or press ? or * to list all spells.
You miscast Foxfire.
Nothing appears to happen.
Something hits you but does no damage.
You feel magic leave you.
f - a +1 antimagic hand axe (weapon)
Something hits you.
* * * LOW HITPOINT WARNING * * *
You hit something.
You hear some strange, mumbled words.
A magic dart appears from out of thin air!
The magic dart hits you.
* * * LOW HITPOINT WARNING * * *
You hit something. Something hits you!
You die...

#... ## #..## .#
#.#~# ##.#.## .#
#.~~~#######.###.#
.#
.~~P~P......#.#.##
.# #P~~~♣..###.#...#
.# ♣♣~~~P...##.#.#.#
.# ♣~~~P~...##.#.#.#
.# ~~≈~~~...♣#.#{#.#
.# ~~~PP....~~.#@#.#
..♣~P≈P~~..~~~♣....#
#PP≈≈≈~~....~~♣....#
♣~P≈≈P~~..~~~♣♣.###
~~≈P~♣...~~♣♣♣.#
~~~~...~~♣ ♣##
P~P....P~~ ~~~...~~~
P~...~~


There were no monsters in sight!

Vanquished Creatures
  3 adders
  2 worms (D:2)
  A dart slug (D:1)
  5 ball pythons
  4 endoplasms
  3 giant cockroaches
  6 hobgoblins
  2 jackals (D:3)
  4 kobolds
  2 quokkas (D:1)
  2 bats
  A frilled lizard (D:2)
  6 goblins
  5 rats
46 creatures vanquished.

Vanquished Creatures (others)
  123 foxfires
123 creatures vanquished.

Grand Total: 169 creatures vanquished

Notes
Turn   | Place    | Note
-------+----------+-------------------------------------------
     0 | D:1      | LustLizard the Hill Orc Fire Elementalist began the quest
                  | for the Orb.
     0 | D:1      | Reached XP level 1. HP: 14/14 MP: 3/3
   286 | D:1      | Found a faded altar of an unknown god.
   411 | D:1      | Reached XP level 2. HP: 14/22 MP: 1/4
  1693 | D:2      | Reached XP level 3. HP: 27/27 MP: 0/5
  1976 | D:2      | Reached skill level 1 in Fighting
  2294 | D:2      | Reached skill level 1 in Throwing
  2373 | D:2      | Reached XP level 4. HP: 35/35 MP: 1/6
  2648 | D:2      | Reached skill level 1 in Axes
  2961 | D:3      | Found a snail-covered altar of Cheibriados.
  3226 | D:3      | Noticed Sigmund
  3245 | D:3      | Slain by Sigmund

Illustrated notes

Levels and vault maps discovered:
D:1:      dpeg_arrival_line_fractal, layout_basic,
          ebering_ecumenical_altar_ruins, roderic_roman_lattice,
          minmay_misc_feat_square
D:2:      layout_basic
D:3:      layout_loops_ring, mainiacjoe_overflow_concentric_impassable,
          nicolae_yredelemnul_corpse_copse, serial_shops,
          nicolae_shop_waterfront, serial_bayou_ford_a, uniq_sigmund, uniq_robin

Skill      XL: |  1  2  3  4 |
---------------+-------------+-----
Fighting       | 1 |  1.2
Throwing       | 1 |  1.2
Stealth        | 2 |  2.1
Axes           | 1 |  1.5
Dodging        | |  1.5
Spellcasting   | |  1.7
Conjurations   | |  1.9
Fire Magic     | |  3.7

Action                   |  1- 3 |  4- 6 || total
-------------------------+-------+-------++-------
Melee: Hand axe          |    39 |     2 ||    41
       Dagger            |    17 |     7 ||    24
       Unarmed           |     1 |       ||     1
 Cast: Foxfire           |    37 |    33 ||    70
 Stab: Sleeping          |     5 |       ||     5
Armor: Robe              |    13 |       ||    13
       Ring mail         |     3 |     4 ||     7
Dodge: Dodged            |    34 |     5 ||    39
